General information
			
			
        
        - name: MAZHAR_F@S}{IST P:||| L:13
 
        - type: Custom game
 
        - host: MazHaR_FasHisT
 
        - saver: ATempT
 
        
map: EchoIsles 
        - players: 2
 
        - length: 15:59
 
        - speed: Fast
 - version: 1.22 W3XP
 - replay type:  Public
 
» download(86 KB)
Players
        team 1 (loser) 
              
              
MAZHAR_F@S}{IST (
yellow | 64 APM | 1018 actions | 15:57)
              
 3 Demon Hunter 
 2 Mana Burn
 1 Evasion
 3 Naga Sea Witch 
 2 Frost Arrows
 1 Forked Lightning
 
                » actions 
                
                | Assign group hotkey | 15 |  | 
| Build / train | 40 |  | 
| Enter build submenu | 12 |  | 
| Enter hero's abilities submenu | 6 |  | 
| Give item / drop item | 1 |  | 
| Remove unit from queue | 4 |  | 
| Right click | 413 |  | 
| Select / deselect | 237 |  | 
| Select group hotkey | 253 |  | 
| Use ability | 37 |  | 
                1018 total
 » units 
                
                | Wisp | 12 |  | 
| Druid of the Talon | 10 |  | 
| Hippogryph | -1 |  | 
                21 total
 » upgrades
                
                | Druid of the Talon Training | 1 |  | 
                1 total
 » buildings
                
                | Altar of Elders | 1 |  | 
| Moon Well | 5 |  | 
| Tree of Ages | 1 |  | 
| Hunter's Hall | 1 |  | 
| Ancient of Wind | 2 |  | 
| Tree of Eternity | 1 |  | 
| Tree of Life | 1 |  | 
                12 total
 » build order
                00:05 Altar of Elders
00:16 Moon Well
01:43 Tree of Ages
01:53 Moon Well
02:53 Hunter's Hall
03:03 Moon Well
04:15 Ancient of Wind
04:16 Ancient of Wind
04:48 Moon Well
07:00 Tree of Eternity
07:24 Tree of Life
07:43 Moon Well
» items
                
                | Boots of Speed | 1 |  | 
| Claws of Attack +6 | 1 |  | 
| Potion of Lesser Invulnerability | 1 |  | 
                3 total
  
               team 2 (winner) 
              
              
ATempT (
green | 81 APM | 1291 actions | 15:59)
              
 5 Blademaster 
 3 Wind Walk
 2 Critical Strike
 4 Shadow Hunter 
 2 Healing Wave
 2 Hex
 
                » actions 
                
                | Assign group hotkey | 56 |  | 
| Build / train | 63 |  | 
| Enter build submenu | 15 |  | 
| Enter hero's abilities submenu | 9 |  | 
| Right click | 676 |  | 
| Select / deselect | 254 |  | 
| Select group hotkey | 154 |  | 
| Use ability | 64 |  | 
                1291 total
 » units 
                
                | Peon | 8 |  | 
| Grunt | 12 |  | 
| Raider | 7 |  | 
| Spirit Walker | 4 |  | 
                31 total
 » upgrades
                
                | Berserker Strength | 1 |  | 
| Armor | 1 |  | 
| Ensnare | 1 |  | 
                3 total
 » buildings
                
                | Altar of Storms | 1 |  | 
| Orc Burrow | 4 |  | 
| Barracks | 1 |  | 
| Voodoo Lounge | 1 |  | 
| Stronghold | 3 |  | 
| War Mill | 1 |  | 
| Beastiary | 1 |  | 
| Spirit Lodge | 1 |  | 
| Watch Tower | 1 |  | 
| Great Hall | 1 |  | 
                15 total
 » build order
                00:04 Altar of Storms
00:17 Orc Burrow
00:38 Barracks
01:31 Orc Burrow
03:13 Voodoo Lounge
04:12 Stronghold
04:12 Stronghold
04:12 Stronghold
05:16 War Mill
06:42 Orc Burrow
06:50 Beastiary
06:53 Spirit Lodge
07:29 Orc Burrow
09:28 Watch Tower
13:09 Great Hall
» items
                
                | Healing Salve | 3 |  | 
| Boots of Speed | 2 |  | 
                5 total
  
                Chat log
          (00:06 / All) ATempT: gl
(00:09 / All) MAZHAR_F@S}{IST: gl hf
(00:32 / All) MAZHAR_F@S}{IST: where are u from ?
(00:41 / All) ATempT: brzil
(00:43 / All) ATempT: brzil*
(00:47 / All) MAZHAR_F@S}{IST: 0k gl
(00:48 / All) ATempT: brazil* lol
(06:03 / All) ATempT: zzzzzzzzzzz
(06:15 / All) MAZHAR_F@S}{IST: now 0k ?
(08:07 / All) MAZHAR_F@S}{IST: lag ?
(14:23 / All) MAZHAR_F@S}{IST: gg
(15:24 / All) ATempT: gg?